 Dungeon Crawl Stone Soup version 0.23.2-1-ga50397a6bc (webtiles) character file.

Game seed: 12353116894408361756

22343 Foic the Eclecticist (level 12, -20/80 HPs)
             Began as a Mummy Necromancer on May 19, 2019.
             Was a High Priest of Sif Muna.
             Demolished by a sun demon (27 damage)
             ... summoned by the player character
             ... on level 4 of the Lair of Beasts on May 21, 2019.
             The game lasted 01:53:37 (21987 turns).

Foic the Eclecticist (Mummy Necromancer)           Turns: 21987, Time: 01:53:38

Health: -20/80     AC: 13    Str: 13    XL:     12   Next: 62%
Magic:  21/32      EV: 15    Int: 25    God:    Sif Muna [*****.]
Gold:   623        SH:  0    Dex: 12    Spells: 10/44 levels left

rFire    x . .     SeeInvis +   m - +0 hunting sling
rCold    + + .     Gourm    .   (no shield)
rNeg     + + +     Faith    .   w - +7 leather armour of Coronation {Int+7 SInv}
rPois    ∞         Spirit   .   d - +1 helmet
rElec    .         Reflect  .   (no cloak)
rCorr    .         Harm     .   N - +0 pair of gloves
MR       +....                  (no boots)
Stlth    ++........             H - amulet of regeneration
HPRegen  0.63/turn              r - ring of protection from cold
MPRegen  0.23/turn              J - +4 ring of slaying

@: no status effects
A: no food or potions, fire vulnerability, cold resistance 1, negative energy
resistance 3, torment resistance, unbreathing
a: Divine Energy, Channel Magic, Forget Spell, Renounce Religion


You were on level 4 of the Lair of Beasts.
You worshipped Sif Muna.
Sif Muna was extremely pleased with you.
You were not hungry.

You visited 3 branches of the dungeon, and saw 14 of its levels.
You also visited: Ossuary.

You collected 623 gold pieces.

Inventory:

Hand Weapons
 m - a +0 hunting sling (weapon)
 t - the +4 flail "Boijuec" {distort, Str+2}
   (You found it on level 4 of the Dungeon)

   It warps and distorts space around it.
   Unwielding it can cause banishment or high damage.
   It affects your strength (+2).
 M - a +1 dagger of chaos
Missiles
 b - 161 sling bullets (quivered)
 c - 277 stones
 f - 6 curare-tipped needles
 s - 6 tomahawks
Armour
 a - a +0 robe
 d - a +1 helmet (worn)
 g - a +0 shield
 n - a scarf of spirit shield
 w - the +7 leather armour of Coronation (worn) {Int+7 SInv}
   (You found it on level 5 of the Dungeon)

   It affects your intelligence (+7).
   It lets you see invisible.
 N - a +0 pair of gloves (worn)
Jewellery
 e - an uncursed ring of flight
 k - an uncursed ring of positive energy
 q - a +3 ring of slaying
 r - a ring of protection from cold (left hand)
 A - an uncursed ring of stealth
 H - an amulet of regeneration (around neck)
 J - a +4 ring of slaying (right hand)
 L - a +5 ring of strength
 P - an uncursed amulet of the acrobat
Wands
 u - a wand of random effects (21)
 y - a wand of paralysis (10)
 B - a wand of flame (10)
 D - a wand of acid (20)
 E - a wand of iceblast (8)
 G - a wand of digging (9)
 O - a wand of scattershot (5)
Scrolls
 h - 7 scrolls of amnesia
 i - 7 scrolls of remove curse
 j - 6 scrolls of enchant armour
 l - 14 scrolls of teleportation {unknown}
 o - 9 scrolls of identify
 p - a scroll of blinking {unknown}
 v - 4 scrolls of enchant weapon {unknown}
 x - 3 scrolls of magic mapping {unknown}
 z - 3 scrolls of fog {unknown}
 C - 2 scrolls of immolation {unknown}
 F - 2 scrolls of vulnerability {unknown}
 I - 2 scrolls of torment {unknown}
 K - 3 scrolls of fear {unknown}
 Q - a scroll of silence {unknown}


   Skills:
 + Level 2.8 Fighting
 + Level 4.4 Slings
 + Level 2.1 Armour
 * Level 7.4 Dodging
 + Level 2.9 Stealth
 * Level 16.6 Spellcasting
 + Level 2.4 Summonings
 + Level 10.4 Necromancy
 + Level 1.9 Earth Magic


You had 10 spell levels left.
You knew the following spells:

 Your Spells              Type           Power        Failure   Level  Hunger
a - Pain                  Necr           ####         1%          1    N/A
b - Animate Skeleton      Necr           N/A          1%          1    N/A
c - Vampiric Draining     Necr           ######....   1%          3    N/A
d - Animate Dead          Necr           N/A          1%          4    N/A
e - Confusing Touch       Hex            ###...       3%          1    N/A
f - Summon Small Mammal   Summ           ####         1%          1    N/A
g - Sting                 Conj/Pois      ###.         3%          1    N/A
h - Agony                 Necr           ######..     1%          5    N/A
i - Borgnjor's Vile Clut  Necr/Erth      ######....   7%          5    N/A
j - Shroud of Golubria    Chrm/Tloc      ###.......   4%          2    N/A
k - Dispel Undead         Necr           ######..     1%          5    N/A
l - Summon Demon          Summ           ####......   32%         5    N/A

Your spell library contained the following spells:

 Spells                   Type           Power        Failure   Level  Hunger
 Apportation              Tloc           ###...       3%          1    N/A
 Infusion                 Chrm           ###.         3%          1    N/A
 Poisonous Vapours        Pois/Air       ###...       4%          2    N/A
 Song of Slaying          Chrm           ###.....     4%          2    N/A
 Mephitic Cloud           Conj/Pois/Air  ###.....     10%         3    N/A
 Spectral Weapon          Hex/Chrm       ###.....     10%         3    N/A
 Summon Ice Beast         Ice/Summ       ####....     19%         4    N/A
 Olgreb's Toxic Radiance  Pois           ###.....     30%         4    N/A
 Simulacrum               Ice/Necr       #####.....   50%         6    N/A
 Venom Bolt               Conj/Pois      ###.......   65%         5    N/A
 Shadow Creatures         Summ           N/A          87%         6    N/A
 Haunt                    Necr/Summ      ######....   88%         7    N/A
 Infestation              Necr           ######....   96%         8    N/A
 Malign Gateway           Summ/Tloc      ####......   100%        7    N/A
 Summon Hydra             Summ           ####......   100%        7    N/A
 Regeneration             Chrm/Necr      Unusable     N/A         3    N/A

Dungeon Overview and Level Annotations

Branches:
Dungeon (9/15)             Temple (1/1) D:5            Lair (4/6) D:9
 Shoals (0/4) Lair:3       Spider (0/4) Lair:3
    Orc: D:9-12

Altars:
Ashenzari
Cheibriados
Dithmenos
Elyvilon
Fedhas
Gozag
Hepliaklqana
Kikubaaqudgha
Makhleb
Nemelex Xobeh
Okawaru
Qazlal
Ru
Sif Muna
Trog
Uskayaw
Vehumet
Wu Jian
Xom
Yredelemnul
Zin
The Shining One

Shops:
D:5 **   D:8 =

Annotations:
D:5 shop 550 book on contamination; 675 weightlessness book
D:7 5 runed translucent doors → book + wand
D:8 shop ring of wizardry 450 & ring of magic power 300


Innate Abilities, Weirdness & Mutations

You do not eat or drink.
Your flesh is vulnerable to fire.
You are immune to poison.
Your flesh is cold resistant. (rC+)
You are immune to negative energy. (rN+++)
You are immune to unholy pain and torment.
You can survive without breathing.


Message History

The zombie hands constrict the plant!
The zombie hands constrict the fungus!
You destroy the fungus!
The zombie hands constrict the sun demon.
The sun demon escapes!
The sun demon barely misses you.
Casting: Borgnjor's Vile Clutch (safe; 7% risk of failure)
Confirm with . or Enter, or press ? or * to list all spells.
Aiming: Sting (safe; 3% risk of failure)
Press: ? - help, Shift-Dir - straight line, f/p - sun demon
Aim: a sun demon (heavily wounded, summoned)
Okay, then.
Casting: Sting (safe; 3% risk of failure)
Confirm with . or Enter, or press ? or * to list all spells.
Space distorts slightly along a thin shroud covering your body.
The zombie hands constrict the plant!
The sun demon hits you!!
You are engulfed in flames!!
The fire burns you terribly!
The zombie hands release their grip on the plant.
The sun demon hits you!!
* * * LOW HITPOINT WARNING * * *
You are engulfed in flames!!
The fire burns you terribly!
You die...

^...###...........#.....#
.......#.#..!......#....##
.#.....#....#......#...#.########
........................###P.....
...................#...####..#.#P
..........#.P....<.#.....##.Z###.
....#...........>............###.
..............#.........#.###.###
..............P3@.P#####.## ####.
...................# ### ##
...#........#......### ##.
.................#...###### #..
........P......>......#...## #..
.##........#..............P# #..
.P#......P##....#P........## #.Z
..............#.#.........### ###
.#..........#.#.....#.#.....## ##


You could see a sun demon.

Vanquished Creatures
  A hydra (Lair:2)
  A cyclops (D:9)
  A manticore (Lair:3)
  Psyche (D:9)
  6 spiny frogs
  5 black mambas
  4 komodo dragons
  A hornet (D:9)
  A jumping spider (Lair:3)
  7 hippogriffs
  16 blink frogs
  A redback (Lair:3)
  25 yaks
  Sigmund (D:4)
  2 wyverns (D:9)
  2 basilisks
  A human (D:7)
  3 hogs (D:7)
  Grum (D:9)
  An acid dragon (D:9)
  4 water moccasins
  4 porcupines
  2 black bears
  2 ogres (D:7)
  3 sky beasts
  3 phantoms
  2 centaurs
  12 wolves
  5 crocodiles
  3 elf zombies (Ossuary)
  10 bullfrogs
  2 scorpions
  14 killer bees
  6 wights
  A howler monkey (D:7)
  2 electric eels (Lair:2)
  6 crimson imps
  3 centaur zombies (Ossuary)
  2 human zombies (Ossuary)
  A hound (D:4)
  A centaur skeleton (D:6)
  2 orc priests (D:4)
  2 bullfrog skeletons
  5 jellies
  2 orc wizards (D:3)
  2 iguanas (D:8)
  7 worker ants
  A hound skeleton (D:5)
  3 mummies (Ossuary)
  A howler monkey zombie (D:7)
  4 gnolls (D:9)
  4 adders
  2 shadow imps
  2 oozes
  2 adder skeletons
  2 adder zombies
  3 worms
  A dart slug (D:1)
  3 leopard geckos
  14 orcs
  A ball python (D:2)
  4 giant cockroaches
  8 hobgoblins
  7 jackals
  A quokka (D:9)
  3 bats
  5 frilled lizards
  A gnoll zombie (Ossuary)
  11 goblins
  4 goblin zombies (Ossuary)
  7 hobgoblin zombies (Ossuary)
  A jackal zombie (Ossuary)
  11 kobolds
  4 kobold zombies (Ossuary)
  6 quokka zombies (Ossuary)
  9 rats
  4 rat zombies (Ossuary)
  3 fungi
  3 plants
324 creatures vanquished.

Vanquished Creatures (collateral kills)
  A hippogriff (Lair:1)
  A yak (Lair:3)
  A basilisk (D:9)
  A hungry ghost (D:9)
  5 phantoms
  A water moccasin skeleton (D:7)
  2 wights (D:7)
  A crimson imp (D:9)
  A bullfrog zombie (D:9)
  3 adders
  An ooze (D:1)
  An adder skeleton (D:9)
  A worm (D:3)
  A quokka skeleton (D:5)
  A plant (Lair:2)
22 creatures vanquished.

Vanquished Creatures (others)
  A fungus (Lair:4)
  A plant (Lair:4)
2 creatures vanquished.

Grand Total: 348 creatures vanquished

Notes
Turn   | Place    | Note
-------+----------+-------------------------------------------
     0 | D:1      | Foic the Mummy Necromancer began the quest for the Orb.
     0 | D:1      | Reached XP level 1. HP: 13/13 MP: 4/4
     3 | D:1      | Learned a level 1 spell: Animate Skeleton
   249 | D:1      | Reached skill level 3 in Spellcasting
   249 | D:1      | Reached XP level 2. HP: 17/19 MP: 0/6
  1093 | D:2      | Reached XP level 3. HP: 24/24 MP: 4/7
  1655 | D:2      | Reached skill level 4 in Spellcasting
  1714 | D:2      | Learned a level 3 spell: Vampiric Draining
  2069 | D:2      | Reached XP level 4. HP: 30/30 MP: 8/10
  2075 | D:2      | Learned a level 4 spell: Animate Dead
  2429 | D:2      | Found a deep blue altar of Sif Muna.
  2435 | D:2      | Became a worshipper of Sif Muna the Loreminder
  3666 | D:3      | Reached XP level 5. HP: 32/35 MP: 4/12
  3669 | D:3      | Reached skill level 5 in Spellcasting
  3884 | D:3      | Found a sacrificial altar of Ru.
  4083 | D:4      | Noticed a phantom
  4097 | D:4      | Killed a phantom
  4097 | D:4      | Reached skill level 6 in Spellcasting
  4097 | D:4      | Reached skill level 5 in Necromancy
  4205 | D:4      | Reached XP level 6. HP: 40/41 MP: 15/15
  4505 | D:4      | Reached * piety under Sif Muna
  4631 | D:4      | Reached skill level 1 in Fighting
  4808 | D:4      | Got a jewelled flail
  4809 | D:4      | Identified the +4 flail "Boijuec" {distort, Str+2} (You
                  | found it on level 4 of the Dungeon)
  5053 | D:4      | Noticed Sigmund
  5063 | D:4      | Killed Sigmund
  5063 | D:4      | Reached skill level 7 in Spellcasting
  5063 | D:4      | Reached XP level 7. HP: 40/48 MP: 8/17
  5446 | D:5      | Entered Level 5 of the Dungeon
  5705 | D:5      | Reached skill level 8 in Spellcasting
  5743 | D:5      | Found Buluqah's Serpentskin Sales.
  5776 | D:5      | Found a sand-covered staircase.
  5783 | D:5      | Got an ancient leather armour
  5796 | D:5      | Identified the +7 leather armour of Coronation {Int+7 SInv}
                  | (You found it on level 5 of the Dungeon)
  5808 | Ossuary  | Entered an ossuary
  5864 | Ossuary  | Reached skill level 1 in Slings
  6084 | Ossuary  | Reached ** piety under Sif Muna
  6207 | Ossuary  | Reached XP level 8. HP: 42/54 MP: 20/20
  6699 | D:5      | Found an opulent altar of Gozag.
  6700 | D:5      | Found an ornate altar of the Wu Jian Council.
  6708 | D:5      | Found a bloodstained altar of Trog.
  6711 | D:5      | Found a hide-covered altar of Uskayaw.
  6788 | D:5      | Found a staircase to the Ecumenical Temple.
  6890 | D:5      | Found Erphaw's Elemental Accessories.
  7433 | Temple   | Entered the Ecumenical Temple
  7575 | D:6      | Found a hazy altar of Hepliaklqana.
  7597 | D:6      | Reached skill level 9 in Spellcasting
  7909 | D:6      | Found a radiant altar of Vehumet.
  8609 | D:7      | Reached XP level 9. HP: 48/61 MP: 22/22
  8765 | D:7      | Reached skill level 10 in Spellcasting
  9002 | D:7      | Reached skill level 1 in Armour
  9045 | D:7      | Reached *** piety under Sif Muna
  9200 | D:7      | Reached skill level 11 in Spellcasting
  9657 | D:7      | Found the +9 staff of Olgreb {rPois}
  9662 | D:7      | Found a runed translucent door.
  9680 | D:7      | Found a runed translucent door.
  9685 | D:7      | Found a runed translucent gate.
  9685 | D:7      | Found a runed translucent gate.
  9696 | D:7      | Found a runed translucent gate.
  9804 | D:7      | Found a glowing silver altar of Zin.
  9853 | D:7      | Learned a level 1 spell: Confusing Touch
  9855 | D:7      | Learned a level 1 spell: Summon Small Mammal
 10588 | D:8      | Reached XP level 10. HP: 65/68 MP: 19/25
 10690 | D:8      | Found a shattered altar of Ashenzari.
 11189 | D:8      | Found Hosac's Jewellery Emporium.
 11331 | D:9      | Reached skill level 12 in Spellcasting
 11611 | D:9      | Learned a level 1 spell: Sting
 11706 | D:9      | Reached **** piety under Sif Muna
 11878 | D:9      | Reached skill level 5 in Dodging
 11881 | D:9      | Reached skill level 1 in Summonings
 12084 | D:9      | Noticed Psyche
 12126 | D:9      | Killed Psyche
 12269 | D:9      | Noticed Grum
 12295 | D:9      | Killed Grum
 12466 | D:9      | Noticed a cyclops
 12487 | D:9      | Killed a cyclops
 12487 | D:9      | Reached skill level 13 in Spellcasting
 13375 | D:9      | Reached ***** piety under Sif Muna
 13454 | D:9      | Found a staircase to the Lair.
 13550 | Lair:1   | Entered Level 1 of the Lair of Beasts
 13746 | Lair:1   | Reached XP level 11. HP: 64/74 MP: 16/28
 13814 | Lair:1   | Identified Sif Muna's Collected Works on Evil Arts (Sif
                  | Muna gifted it to you on level 1 of the Lair of Beasts)
 13814 | Lair:1   | Received a gift from Sif Muna
 13822 | Lair:1   | Learned a level 5 spell: Agony
 13828 | Lair:1   | Learned a level 5 spell: Borgnjor's Vile Clutch
 13866 | Lair:1   | Learned a level 2 spell: Shroud of Golubria
 13867 | Lair:1   | Found a gate leading to a gauntlet.
 14511 | Lair:1   | Reached skill level 14 in Spellcasting
 15940 | Lair:1   | Reached skill level 1 in Earth Magic
 16355 | Lair:2   | Noticed a seven-headed hydra
 16360 | Lair:2   | Killed a seven-headed hydra
 16601 | Lair:2   | Reached skill level 15 in Spellcasting
 17830 | Lair:3   | Reached XP level 12. HP: 69/80 MP: 9/31
 18431 | Lair:3   | Found a staircase to the Shoals.
 18732 | Lair:3   | Found a hole to the Spider Nest.
 19199 | Lair:3   | Reached skill level 10 in Necromancy
 19550 | Lair:3   | Reached skill level 16 in Spellcasting
 20244 | Lair:3   | Identified Sif Muna's Disquisition on Calling and Black
                  | Secrets (Sif Muna gifted it to you on level 3 of the Lair
                  | of Beasts)
 20244 | Lair:3   | Received a gift from Sif Muna
 20252 | Lair:3   | Learned a level 5 spell: Dispel Undead
 20258 | Lair:3   | Learned a level 5 spell: Summon Demon
 21987 | Lair:4   | Demolished by a sun demon

Skill      XL: |  1  2  3  4  5  6  7  8  9 10 11 12 |
---------------+-------------------------------------+-----
Spellcasting   | 3 4 6 7 8 9 11 13 15 16 | 16.6
Dodging        | 2 3 4 5 6 7 |  7.4
Necromancy     | 5 6 7 8 9 10 | 10.4
Fighting       | 1 2 |  2.8
Stealth        | 2 |  2.9
Slings         | 2 3 4 |  4.4
Armour         | 1 2 |  2.1
Summonings     | 2 |  2.4
Earth Magic    | 1 |  1.9

Action                   |  1- 3 |  4- 6 |  7- 9 | 10-12 || total
-------------------------+-------+-------+-------+-------++-------
Melee: Hunting sling     |       |       |       |    16 ||    16
 Fire: Hunting sling     |     2 |    25 |   394 |    16 ||   437
 Cast: Pain              |    90 |   115 |   192 |   381 ||   778
       Animate Skeleton  |    20 |       |       |       ||    20
       Animate Dead      |       |    12 |    14 |    45 ||    71
       Vampiric Draining |       |     3 |    11 |    54 ||    68
       Summon Small Mamm |       |       |    34 |    92 ||   126
       Sting             |       |       |       |     8 ||     8
       Agony             |       |       |       |    72 ||    72
       Borgnjor's Vile C |       |       |       |    64 ||    64
       Confusing Touch   |       |       |       |    10 ||    10
       Shroud of Golubri |       |       |       |    13 ||    13
       Summon Demon      |       |       |       |     6 ||     6
Invok: Divine Energy     |       |       |       |     1 ||     1
       Stop Divine Energ |       |       |       |     1 ||     1
  Use: Scroll            |     4 |     1 |     3 |     6 ||    14
Armor: Robe              |     3 |    12 |       |       ||    15
       Leather armour    |       |       |   123 |   122 ||   245
Dodge: Dodged            |    14 |    38 |   176 |   279 ||   507
